Map: Acrópole LE

Players

Hotfy - Winner!

  • Race: Terran Terran
  • League: Diamond
  • Spawn Location: 11:00

I.A. 1 (Fácil)

  • Race: Protoss Protoss
  • Spawn Location: 5:00

VOD

Have the link to the VOD?

Description

Time

  • Played on: Sept. 11, 2019, 11:44 a.m.
  • Length: 7:26
Show
View Real Time Build Order
Export as new Build Order

Hotfy Terran - Winner!

Build Orders: Reaper Expand 

Get SALT Encoding   

  12  0:01  SCV  
  13  0:13  SCV  
  14  0:17  Supply Depot  
  14  0:25  SCV  
  15  0:38  SCV  
  15  0:39  Barracks  
  16  0:43  Refinery  
  16  0:51  SCV  
  17  1:03  SCV  
  18  1:16  SCV  
  19  1:26  Reaper  
  19  1:28  Orbital Command  
  20  1:39  Command Center  
  20  1:48  Bunker  
  20  1:53  SCV  
  21  1:58  Marine  
  22  2:02  Supply Depot  
  22  2:05  SCV  
  23  2:13  Factory  
  23  2:20  Barracks Reactor  
  23  2:24  Refinery, SCV  
  24  2:36  SCV  
  25  2:48  SCV  
  26  2:53  Orbital Command  
  26  2:57  Starport, Marine  
  26  2:58  Marine  
  28  2:59  Factory Tech Lab  
  28  3:00  Widow Mine  
  28  3:02  SCV  
  31  3:14  SCV  
  31  3:15  Marine x2  
  34  3:20  SCV  
  34  3:22  Widow Mine  
  34  3:25  Supply Depot  
  37  3:33  SCV x2  
  39  3:34  Medivac  
  39  3:38  Marine x2  
  43  3:44  Barracks  
  43  3:47  SCV  
  43  3:48  SCV  
  45  3:50  Factory Tech Lab  
  45  3:56  Engineering Bay  
  45  3:57  Marine x2  
  45  4:00  SCV  
  45  4:01  SCV  
  49  4:13  Barracks  
  49  4:14  SCV x2  
  51  4:18  Supply Depot  
  51  4:19  Starport Tech Lab  
  51  4:23  Terran Infantry Weapons Level 1  
  51  4:26  SCV x2  
  51  4:30  Refinery  
  53  4:37  Marine  
  54  4:39  Marine  
  54  4:40  SCV x2  
  54  4:42  Factory Reactor  
  54  4:43  Marauder  
  54  4:44  Stimpack  
  59  4:48  Starport Reactor  
  59  4:49  Supply Depot  
  59  4:52  SCV x2  
  61  4:55  Marine  
  61  4:58  Supply Depot  
  62  5:07  Combat Shield  
  62  5:11  Marauder x2, SCV x2, Marine  
  69  5:14  Marine  
  70  5:21  Supply Depot x2  
  70  5:23  SCV x2  
  70  5:25  Medivac x2  
  76  5:29  Marine  
  76  5:32  Marine  
  78  5:43  Widow Mine x2, Marauder x2, SCV x2  
  78  5:46  Marine  
  78  5:47  Supply Depot  
  89  5:51  Supply Depot  
  89  5:52  Refinery, Marine  
  89  5:55  SCV x2  
  92  6:04  Marauder  
  92  6:08  Supply Depot, Marine  
  92  6:09  Medivac x2  
  99  6:11  SCV x2  
  99  6:13  Supply Depot  
  101  6:26  Marauder  
  101  6:27  Marauder  
  105  6:33  Command Center  
  105  6:34  SCV x2  
  105  6:38  Supply Depot  
  105  6:39  Marine x2  
  108  6:40  Medivac  
  108  6:42  Widow Mine  
  108  6:46  Widow Mine, Medivac  
  112  6:47  Marauder  
  112  6:50  SCV x2  
  112  6:52  Marauder  
  113  6:57  Marine  
  113  7:03  Marine  
  113  7:05  SCV x2  
  122  7:15  Supply Depot  
  123  7:18  Engineering Bay  
  125  7:23  Armory  
Show
View Real Time Build Order
Export as new Build Order

I.A. 1 (Fácil) Protoss 

Build Orders:  

Get SALT Encoding   

  12  0:00  Probe  
  13  0:13  Probe  
  14  0:20  Pylon  
  14  0:25  Probe  
  15  0:34  Probe  
  16  0:44  Assimilator  
  16  0:51  Gateway  
  16  0:54  Pylon  
  16  1:18  Assimilator  
  16  1:30  Zealot  
  18  1:42  Cybernetics Core  
  18  2:06  Probe  
  18  2:07  Pylon  
  18  2:14  Probe  
  19  2:20  Warp Gate, Stalker  
  22  2:24  Probe  
  23  2:36  Probe  
  24  2:48  Probe  
  25  2:55  Stalker  
  27  3:00  Probe  
  28  3:29  Adept  
  30  4:07  Adept  
  32  6:25  Probe  
  32  6:52  Stalker  
  32  6:55  Pylon  
  32  7:00  Probe  
  13  7:12  Probe  
  7  7:15  Zealot  
Tags
 
League
Diamond
Matchup
PvT
Spawn Locations
Cross Positions
Add a new tag
Caveats
  • Supply blocks, unpowered buildings, or Contaminate may cause inaccurate times.
  • Supply counts are checked every 10 seconds.